 Dungeon Crawl Stone Soup version bcrawl-1.18.1 (webtiles) character file.

Game seed: 11974074186284010205

60804 Freyura the Carver (level 14, -1/113 HPs)
             Began as a Demonspawn Gladiator on Nov 8, 2019.
             Was the Champion of Okawaru.
             Slain by a polar bear (6 damage)
             ... on level 6 of the Lair of Beasts on Nov 9, 2019.
             The game lasted 01:29:56 (24308 turns).

Freyura the Carver (Demonspawn Gladiator)          Turns: 24308, Time: 01:29:57

Health: -1/113     AC: 24    Str: 14    XL:     14   Next: 58%
Magic:  0/32       EV: 15    Int: 11    God:    Okawaru [******]
Gold:   1159       SH:  7    Dex: 19    Spells: 13/13 levels left

rFire    . . .     SeeInvis +   c - +12 great sword of Okawaru's Scorn {slice, rElec rC+}
rCold    + . .     Gourm    .   (shield currently unavailable)
rNeg     . . .     Faith    .   q - +3 chain mail
rPois    .         Spirit   +   R - +0 hat
rElec    +         Reflect  .   o - scarf {cloud immunity}
rCorr    +         Harm     .   x - +0 pair of gloves
MR       +....                  W - +1 pair of boots {run}
Stlth    ++........             U - amulet of guardian spirit
HPRegen  0.28/turn              Q - ring of see invisible
MPRegen  0.23/turn              b - ring of magical power

@: about to teleport, heroism, quick
A: horns 2, yellow scales 3, demonic guardian 1, nightstalker 2
a: Heroism, Finesse, Renounce Religion


You were on level 6 of the Lair of Beasts.
You worshipped Okawaru.
Okawaru was exalted by your worship.
You were not hungry.

You visited 2 branches of the dungeon, and saw 16 of its levels.
You also visited: Ossuary and Bailey.

You collected 1229 gold pieces.
You spent 70 gold pieces at shops.

Inventory:

Hand Weapons
 c - the +12 great sword of Okawaru's Scorn (weapon) {slice, rElec rC+}
   (Okawaru gifted it to you on level 6 of the Lair of Beasts)

   It inflicts extra damage upon your enemies.
   It protects you from cold.
   It insulates you from electricity.
 S - a +3 scimitar of flaming
Missiles
 d - 13 throwing nets (quivered) {!f}
Armour
 e - a +2 cloak
 j - the +2 robe of Vohael {rF+++ rC-}
   (You found it in an ossuary)

   It renders you almost immune to fire.
   It makes you vulnerable to cold.
 o - a scarf of cloud immunity (worn)
 q - a +3 chain mail (worn)
 x - a +0 pair of gloves (worn)
 y - a +2 buckler
 D - the +1 robe of Pathos {+Inv Regen+ Str+7 Dex-3}
   (You found it on level 5 of the Dungeon)

   It affects your strength (+7).
   It affects your dexterity (-3).
   It lets you turn invisible.
   It increases your rate of regeneration.
 H - a +0 crystal plate armour
 I - a +0 pair of boots of flying
 R - a +0 hat (worn)
 W - a +1 pair of boots of running (worn)
Jewellery
 a - a +2 ring of evasion
 b - a ring of magical power (right hand)
 J - an uncursed ring of flight
 N - a +2 ring of dexterity
 Q - a ring of see invisible (left hand)
 U - an amulet of guardian spirit (around neck)
 Y - an uncursed amulet of magic regeneration
Wands
 w - a wand of polymorph (18)
 z - a wand of acid (15)
 A - a wand of random effects (7)
 K - a wand of scattershot (13)
 M - a wand of flame (15)
 P - a wand of digging (1)
Scrolls
 h - 11 scrolls of remove curse
 i - a scroll of torment {unknown}
 k - 4 scrolls of enchant armour
 r - 3 scrolls of enchant weapon
 s - a scroll of noise {unknown}
 t - 4 scrolls of amnesia
 v - 5 scrolls of teleportation
 E - a scroll of fear
 G - a scroll of identify
 T - a scroll of fog
 X - a scroll of magic mapping
Potions
 g - 7 potions of flight
 l - 4 potions of haste
 m - 5 potions of lignification {unknown}
 n - 3 potions of degeneration {unknown}
 p - 8 potions of curing
 u - 2 potions of magic {unknown}
 B - 2 potions of mutation {unknown}
 C - 3 potions of brilliance
 F - 2 potions of invisibility
Comestibles
 f - 33 rations {!d}
 L - 4 chunks of flesh


   Skills:
 + Level 11.0(16.0) Fighting
 * Level 13.8(18.8) Long Blades
 - Level 1.7(6.7) Throwing
 + Level 10.0(15.0) Armour
 + Level 10.3(15.3) Dodging
 - Level 4.0(9.0) Shields
 - Level 12.2 Invocations


You had 13 spell levels left.
You didn't know any spells.
Your spell library contained the following spells:

 Spells                   Type           Power        Failure   Level  Hunger
 Apportation              Tloc           #.....       98%         1    ##.....
 Infusion                 Chrm           #.......     98%         1    ##.....
 Sandblast                Erth           #.....       98%         1    ##.....
 Slow                     Hex            #.......     98%         1    ##.....
 Summon Butterflies       Summ           #.......     98%         1    ##.....
 Corpse Rot               Necr           N/A          99%         2    ###....
 Leda's Liquefaction      Hex/Erth       #.........   100%        3    ####...
 Stone Arrow              Conj/Erth      #.....       100%        3    ####...
 Bolt of Magma            Conj/Fire/Erth #.........   100%        5    ######.
 Summon Forest            Summ/Tloc      #.........   100%        5    ######.
 Tree Form                Hex/Tmut       N/A          100%        5    ######.
 Iron Shot                Conj/Erth      #.........   100%        6    #######
 Poison Arrow             Conj/Pois      #.........   100%        6    #######
 Statue Form              Tmut/Erth      #........    100%        6    #######
 Summon Hydra             Summ           #.........   100%        6    #######
 Shatter                  Erth           #.........   100%        9    #######


Dungeon Overview and Level Annotations

Branches:
Dungeon (10/12)            Temple (0/1) D:6            Lair (6/6) D:7
 Shoals (0/3) Lair:3       Spider (0/3) Lair:3          Orc (0/1) D:10
  Slime: Lair:5-6

Altars:
Ashenzari
Cheibriados
Elyvilon
Gozag
Nemelex Xobeh
Okawaru
Sif Muna
Trog
Uskayaw
Vehumet
Wu Jian
Xom
Yredelemnul
Zin
The Shining One

Shops:
D:5 =(   D:6 *   D:10 }

Annotations:
Lair:1 exclusion: oklob plant
Lair:2 2 transporters, exclusion: oklob plant, lis82's ghost, journeyman DgWz
Lair:6 1 runed door


Innate Abilities, Weirdness & Mutations

You have a pair of horns on your head.
You are completely covered in yellow scales. (AC +4, rCorr)
A weak demonic guardian rushes to your aid.
You are significantly more attuned to the shadows.


Message History

Okawaru accepts your kill. The yak closely misses you. The death yak gores you!
* * * LOW HITPOINT WARNING * * *
The yak gores you but does no damage.
You hit the polar bear but do no damage.
The polar bear completely misses you.
The polar bear claws you but does no damage.
The polar bear closely misses you. You block the yak's attack.
As you read the scroll of teleportation, it crumbles to dust.
You feel strangely unstable. The yak gores you but does no damage.
You block the death yak's attack. The polar bear bites you!
* * * LOW HITPOINT WARNING * * *
The polar bear claws you but does no damage.
You block the polar bear's attack. The yak gores you but does no damage.
You open the death yak like a pillowcase!!!
You kill the death yak!
Okawaru accepts your kill.
Your base Fighting skill increases to level 11!
The yak misses you. The polar bear bites you!
You die...

P.≈.≈.#.#.....
..............
.................
.................
......#........#
....#.##...#####
......#...5#..#
..............#
............@.#
...........YhY....
..................
..................
..................
..................
............
.......PP...
............


You could see a polar bear, 2 yaks and a friendly iron imp.

Vanquished Creatures
  Gastronok (Lair:1)
  Nessos (Lair:4)
  Snorg (Lair:5)
  The ghost of lis82 the Cleaver, a journeyman DgFi of Demigod (D:10)
  7 hydras
  2 two-headed ogres
  12 death yaks
  Sonja (Lair:1)
  3 lindwurms
  A cyclops (D:8)
  10 elephants
  A merfolk siren (Lair:3)
  3 centaur zombies
  6 black mambas
  Maurice (D:9)
  4 torpor snails (Lair:6)
  A centaur skeleton (D:10)
  3 rime drakes
  12 cane toads
  An efreet (D:10)
  A yaktaur (D:10)
  7 komodo dragons
  3 polar bears (Lair:6)
  3 tyrant leeches (Lair:6)
  9 hornets
  3 trolls
  6 blink frogs
  6 dream sheep (Lair:4)
  3 hippogriffs
  A wraith (D:9)
  4 fire bats (D:10)
  44 yaks
  A hungry ghost (D:9)
  Menkaure (D:6)
  2 steam dragons
  A warg (D:10)
  Duvessa (D:5)
  14 water moccasins
  A hell hound (D:10)
  9 porcupines
  3 ice beasts
  2 orc warriors
  A black bear (D:7)
  5 sky beasts
  A phantom (D:8)
  7 ogres
  5 centaurs
  15 wolves
  17 crocodiles
  14 bullfrogs
  A big kobold (D:9)
  Blork the orc (D:4)
  8 gnoll sergeants (Bailey)
  5 scorpions
  Dowan (D:5)
  4 wights (D:6)
  3 killer bees (D:9)
  A howler monkey (D:6)
  2 lava snakes (D:10)
  4 electric eels
  4 crimson imps
  12 hounds
  A bullfrog zombie (D:6)
  10 orc priests
  A human zombie (Ossuary)
  2 jellies
  5 gnoll shamans (Bailey)
  Crazy Yiuf (D:5)
  An iron imp (D:5)
  4 orc wizards
  Ijyb (D:4)
  An iguana (D:9)
  Terence (D:2)
  9 worker ants
  10 hell rats
  A killer bee zombie (D:7)
  2 big kobold zombies (Ossuary)
  5 mummies
  A worker ant zombie (D:6)
  13 gnolls (Bailey)
  8 adders
  8 river rats (Lair:3)
  4 shadow imps
  2 oozes
  3 adder zombies
  An adder skeleton (D:8)
  2 worms
  5 dart slugs
  5 leopard geckos
  41 orcs
  A giant cockroach (D:1)
  11 goblins
  12 hobgoblins
  19 jackals
  5 quokkas
  2 ball pythons
  9 bats
  4 frilled lizards
  A goblin zombie (Ossuary)
  2 hobgoblin zombies
  A jackal zombie (D:7)
  13 kobolds
  A kobold zombie (Ossuary)
  An orc zombie (D:4)
  5 rats
  A rat zombie (Ossuary)
  2 fire vortices (D:10)
546 creatures vanquished.

Vanquished Creatures (collateral kills)
  A centaur zombie (D:10)
  A torpor snail (Lair:6)
  3 blink frogs
  Grinder (D:5)
  A dream sheep (Lair:4)
  A yak (Lair:3)
  Edmund (D:5)
  A wolf (Lair:5)
  2 bullfrogs
  A scorpion (D:6)
  A hound (D:5)
  A gnoll shaman (Bailey)
  2 orc priests
  A hound skeleton (D:6)
  A gnoll (Bailey)
  A river rat (Lair:3)
  An adder skeleton (D:7)
  4 orcs
  A jackal (D:5)
  A kobold (D:9)
  2 gnoll zombies (Ossuary)
  A hobgoblin zombie (Ossuary)
  An orc zombie (Ossuary)
  A fungus (Lair:5)
32 creatures vanquished.

Vanquished Creatures (others)
  A hippogriff (Lair:2)
  A fire vortex (D:10)
  21 fungi
  41 plants
64 creatures vanquished.

Grand Total: 642 creatures vanquished

Notes
Turn   | Place    | Note
-------+----------+-------------------------------------------
     0 | D:1      | Freyura the Demonspawn Gladiator began the quest for the
                  | Orb.
     0 | D:1      | Reached XP level 1. HP: 16/16 MP: 1/1
   144 | D:1      | Gained mutation: You are partially covered in yellow
                  | scales. (AC +2) [demonic ancestry]
   144 | D:1      | Reached XP level 2. HP: 19/22 MP: 2/2
   255 | D:1      | Reached skill level 3 in Long Blades
   673 | D:1      | Reached XP level 3. HP: 25/28 MP: 3/3
   712 | D:1      | Reached skill level 1 in Armour
  1625 | D:2      | HP: 1/28 [worm (4)]
  2026 | D:2      | Found an iron altar of Okawaru.
  2423 | D:2      | Noticed Terence
  2438 | D:2      | Killed Terence
  2438 | D:2      | Reached XP level 4. HP: 23/34 MP: 4/4
  2661 | D:2      | Found a glowing silver altar of Zin.
  2661 | D:2      | Found an opulent altar of Gozag.
  2894 | D:3      | Noticed an ice beast
  2912 | D:3      | Killed an ice beast
  2912 | D:3      | Reached skill level 4 in Long Blades
  2912 | D:3      | Gained mutation: You have a pair of small horns on your
                  | head. [demonic ancestry]
  2912 | D:3      | Reached XP level 5. HP: 41/41 MP: 5/5
  3226 | D:3      | Found a white marble altar of Elyvilon.
  3226 | D:3      | Found a radiant altar of Vehumet.
  3292 | D:3      | Noticed an ogre
  3302 | D:3      | Killed an ogre
  3302 | D:3      | Gained mutation: A weak demonic guardian rushes to your
                  | aid. [demonic ancestry]
  3302 | D:3      | Reached XP level 6. HP: 34/47 MP: 6/6
  3538 | D:2      | Became a worshipper of Warmaster Okawaru
  3650 | D:3      | Found a sparkling altar of Nemelex Xobeh.
  3798 | D:4      | Found a sand-covered staircase.
  3807 | Ossuary  | Entered an ossuary
  3847 | Ossuary  | Reached skill level 1 in Invocations
  4093 | Ossuary  | Got a crude robe
  4109 | Ossuary  | Identified the +2 robe of Vohael {rF+++ rC-} (You found it
                  | in an ossuary)
  4360 | D:4      | Noticed Blork the orc
  4405 | D:4      | Killed Blork the orc
  4529 | D:4      | Noticed Ijyb
  4540 | D:4      | Killed Ijyb
  4540 | D:4      | Reached XP level 7. HP: 53/53 MP: 8/8
  4655 | D:4      | Reached skill level 5 in Long Blades
  4944 | D:5      | Entered Level 5 of the Dungeon
  5022 | D:5      | Found a shimmering altar of Xom.
  5049 | D:5      | Found Hustrodu's Antique Weapon Emporium.
  5084 | D:5      | Noticed Dowan
  5085 | D:5      | Found a shattered altar of Ashenzari.
  5085 | D:5      | Noticed Duvessa
  5091 | D:5      | Killed Dowan
  5103 | D:5      | Killed Duvessa
  5103 | D:5      | Reached * piety under Okawaru
  5214 | D:5      | Reached skill level 1 in Shields
  5310 | D:5      | Got a brightly glowing robe
  5344 | D:5      | Found a basalt altar of Yredelemnul.
  5417 | D:5      | Found Byphigem's Jewellery Boutique.
  5451 | D:5      | Noticed Grinder
  5459 | D:5      | Killed Grinder
  5459 | D:5      | Reached ** piety under Okawaru
  5459 | D:5      | Reached XP level 8. HP: 56/61 MP: 10/10
  5710 | D:5      | Found a runed door.
  5773 | D:5      | Found a snail-covered altar of Cheibriados.
  5773 | D:5      | Noticed Edmund
  5799 | D:5      | Killed Edmund
  5799 | D:5      | Reached skill level 6 in Long Blades
  6140 | D:5      | Noticed Crazy Yiuf
  6151 | D:5      | Killed Crazy Yiuf
  6742 | D:6      | Found Masicus's General Store.
  6749 | D:6      | Bought a potion of heal wounds for 70 gold pieces
  6764 | D:6      | Reached *** piety under Okawaru
  6764 | D:6      | Reached skill level 5 in Dodging
  6928 | D:6      | Found a staircase to the Ecumenical Temple.
  6941 | D:6      | Reached skill level 5 in Fighting
  6948 | D:6      | Gained mutation: You are mostly covered in yellow scales.
                  | (AC +3) [demonic ancestry]
  6948 | D:6      | Reached XP level 9. HP: 49/68 MP: 12/12
  7170 | D:6      | Noticed Menkaure
  7180 | D:6      | Killed Menkaure
  7208 | D:6      | Reached skill level 7 in Long Blades
  7208 | D:6      | Reached skill level 5 in Invocations
  7577 | D:6      | Found a bloodstained altar of Trog.
  7815 | D:7      | Found a staircase to the Lair.
  7852 | D:7      | Noticed a troll
  8009 | D:7      | Reached **** piety under Okawaru
  8551 | D:7      | Killed a troll
  8674 | D:7      | Reached skill level 5 in Armour
  8734 | D:7      | Found a hide-covered altar of Uskayaw.
  8738 | D:7      | Noticed a +0 dagger
  8739 | D:7      | Noticed a +0 hand axe
  8824 | D:7      | Noticed a troll
  8833 | D:7      | Killed a troll
  8837 | D:7      | Gained mutation: You are slightly more attuned to the
                  | shadows. [demonic ancestry]
  8837 | D:7      | Reached XP level 10. HP: 67/76 MP: 14/14
  9312 | D:8      | Reached skill level 8 in Long Blades
  9313 | D:8      | Found an ornate altar of the Wu Jian Council.
  9665 | D:8      | Noticed a cyclops
  9672 | D:8      | Killed a cyclops
  9699 | D:8      | Noticed a two-headed ogre
  9707 | D:8      | Killed a two-headed ogre
  9707 | D:8      | Reached ***** piety under Okawaru
  9966 | D:8      | Reached skill level 9 in Long Blades
 10534 | D:8      | Received a gift from Okawaru
 10535 | D:8      | Found the +8 trident of the Octopus King {venom, rElec
                  | rPois MR+}
 10574 | D:8      | Identified the +1 robe of Pathos {+Inv Regen+ Str+7 Dex-3}
                  | (You found it on level 5 of the Dungeon)
 10726 | D:9      | Found a flagged portal.
 10738 | Bailey   | Entered a bailey
 11390 | Bailey   | Gained mutation: You have a pair of horns on your head.
                  | [demonic ancestry]
 11390 | Bailey   | Reached XP level 11. HP: 76/84 MP: 16/16
 12755 | D:9      | Found a glowing golden altar of the Shining One.
 12836 | D:9      | Noticed Maurice
 12905 | D:9      | Killed Maurice
 12985 | D:10     | Entered Level 10 of the Dungeon
 13041 | D:10     | Received a gift from Okawaru
 13072 | D:10     | Reached skill level 10 in Long Blades
 13091 | D:10     | HP: 4/85 [centaur/arrow (5)]
 13296 | D:10     | Found a staircase to the Orcish Mines.
 13498 | D:10     | Found Mois's Gadget Shoppe.
 13570 | D:10     | Found a glowing golden altar of the Shining One.
 14006 | D:10     | Found a runed translucent door.
 14011 | D:10     | Noticed lis82's ghost (journeyman DgFi)
 14054 | D:10     | Noticed a two-headed ogre
 14061 | D:10     | Killed a two-headed ogre
 14292 | D:10     | Killed lis82's ghost
 14394 | Lair:1   | Entered Level 1 of the Lair of Beasts
 14579 | Lair:1   | Reached XP level 12. HP: 65/93 MP: 19/19
 14697 | Lair:1   | Noticed Sonja
 14720 | Lair:1   | Killed Sonja
 14917 | Lair:1   | Noticed Gastronok
 14931 | Lair:1   | Killed Gastronok
 14931 | Lair:1   | Received a gift from Okawaru
 14931 | Lair:1   | Reached skill level 11 in Long Blades
 14945 | Lair:1   | Identified a +1 pair of boots of running (Okawaru gifted it
                  | to you on level 1 of the Lair of Beasts)
 15054 | Lair:1   | Reached skill level 10 in Invocations
 15156 | Lair:1   | Noticed a six-headed hydra
 15166 | Lair:1   | Killed a two-headed hydra
 15418 | Lair:1   | Noticed a five-headed hydra
 15437 | Lair:1   | Killed a one-headed hydra
 16296 | Lair:2   | Noticed a catoblepas
 16297 | Lair:2   | Noticed a four-headed hydra
 16298 | Lair:2   | Noticed a catoblepas
 16308 | Lair:2   | Noticed lis82's ghost (journeyman DgWz)
 16317 | Lair:2   | Found a transporter.
 16735 | Lair:2   | Found a transporter.
 17067 | Lair:3   | Received a gift from Okawaru
 17082 | Lair:3   | Gained mutation: You are significantly more attuned to the
                  | shadows. [demonic ancestry]
 17082 | Lair:3   | Reached XP level 13. HP: 25/101 MP: 2/21
 17418 | Lair:3   | Found a hole to the Spider Nest.
 17638 | Lair:3   | Reached skill level 12 in Long Blades
 18349 | Lair:3   | Found a staircase to the Shoals.
 19898 | Lair:4   | Noticed Nessos
 19930 | Lair:4   | Killed Nessos
 19930 | Lair:4   | Reached skill level 10 in Fighting
 20137 | Lair:4   | Received a gift from Okawaru
 21263 | Lair:5   | Found a shimmering blue altar of Sif Muna.
 21747 | Lair:5   | Noticed Snorg
 21764 | Lair:5   | Killed Snorg
 22067 | Lair:6   | Entered Level 6 of the Lair of Beasts
 22094 | Lair:6   | Reached skill level 13 in Long Blades
 22373 | Lair:6   | Gained mutation: You are completely covered in yellow
                  | scales. (AC +4, rCorr) [demonic ancestry]
 22373 | Lair:6   | Reached XP level 14. HP: 66/111 MP: 22/23
 23258 | Lair:6   | Reached ****** piety under Okawaru
 23266 | Lair:6   | Received a gift from Okawaru
 23273 | Lair:6   | Got a dazzling great sword {god gift}
 23280 | Lair:6   | Identified the +12 great sword of Okawaru's Scorn {slice,
                  | rElec rC+} (Okawaru gifted it to you on level 6 of the Lair
                  | of Beasts)
 23283 | Lair:6   | Reached skill level 10 in Dodging
 23674 | Lair:6   | Found a runed door.
 24294 | Lair:6   | Reached skill level 10 in Armour
 24307 | Lair:6   | HP: 5/111 [polar bear (6)]
 24308 | Lair:6   | Slain by a polar bear

Skill      XL: |  1  2  3  4  5  6  7  8  9 10 11 12 13 14 |
---------------+-------------------------------------------+-----
Long Blades    | 3 4 5 6 7 9 10 11 13 | 13.8
Armour         | 1 2 3 4 5 6 7 8 9 10 | 10.0
Dodging        | 3 4 5 6 7 8 9 10 | 10.3
Fighting       | 3 4 5 6 7 8 9 10 11 | 11.0
Invocations    | 1 3 4 6 7 9 10 12 | 12.2
Shields        | 1 2 4 |  4.0
Throwing       | |  1.7

Action                   |  1- 3 |  4- 6 |  7- 9 | 10-12 | 13-15 || total
-------------------------+-------+-------+-------+-------+-------++-------
Melee: Long sword        |   150 |   227 |   500 |   750 |       ||  1627
       Headbutt          |       |    40 |    99 |   291 |   201 ||   631
       Unarmed           |       |     4 |       |       |       ||     4
       Scimitar          |       |       |       |   348 |   714 ||  1062
       Great sword       |       |       |       |       |   120 ||   120
Invok: Heroism           |       |       |     1 |     6 |     8 ||    15
  Use: Scroll            |       |     7 |     2 |     6 |     5 ||    20
       Potion            |       |     1 |     4 |     6 |     5 ||    16
 Stab: Distracted        |       |       |     4 |    10 |     7 ||    21
       Sleeping          |       |       |       |     1 |       ||     1
  Eat: Chunk             |     5 |     2 |     9 |    19 |    14 ||    49
       Ration            |       |     2 |     1 |     3 |     3 ||     9
Armor: Leather armour    |    41 |       |       |       |       ||    41
       Ring mail         |     2 |       |       |       |       ||     2
       Scale mail        |       |   115 |   160 |    36 |       ||   311
       Chain mail        |       |       |       |   384 |   308 ||   692
Dodge: Dodged            |   103 |   151 |   188 |   430 |   359 ||  1231
Block: Other             |     3 |    11 |       |       |    53 ||    67
       Buckler           |       |       |   193 |   628 |   454 ||  1275
